Map: Blackpink LE

Players

TLO

  • Race: Zerg Zerg
  • Spawn Location: 7:00

Gerald - Winner!

  • Race: Protoss Protoss
  • Spawn Location: 1:00

Event: IEM Season 12 - Katowice

VOD

Have the link to the VOD?

Description

Time

  • Played on: Feb. 27, 2018, 9:44 a.m.
  • Length: 9:46

All games in this series

Show
View Real Time Build Order
Export as new Build Order

TLO Zerg 

Build Orders: Hatch First, Lurkers 

Get SALT Encoding   

  12  0:00  Drone  
  13  0:12  Overlord  
  13  0:17  Drone  
  14  0:31  Drone  
  14  0:32  Drone  
  16  0:48  Hatchery  
  15  0:50  Drone  
  15  0:55  Drone  
  17  1:09  Spawning Pool  
  16  1:13  Drone  
  16  1:16  Drone  
  18  1:19  Drone  
  19  1:28  Drone  
  20  1:39  Overlord  
  20  1:41  Extractor  
  19  1:50  Drone  
  20  1:55  Queen  
  22  2:02  Queen  
  22  2:04  Zergling x2  
  22  2:05  Drone  
  26  2:17  Hatchery  
  26  2:20  Drone  
  26  2:25  Drone  
  27  2:33  Queen  
  27  2:36  Drone  
  30  2:43  Zergling x2  
  31  2:46  Overlord  
  31  2:49  Drone  
  32  2:52  Metabolic Boost  
  32  2:59  Zergling x4  
  34  3:06  Zergling x2  
  34  3:07  Drone  
  34  3:12  Drone  
  37  3:14  Drone x2  
  37  3:15  Drone  
  37  3:18  Overlord  
  40  3:21  Drone  
  40  3:28  Drone  
  39  3:36  Drone  
  39  3:37  Drone x2  
  39  3:39  Spore Crawler x2  
  39  3:43  Drone x2  
  39  3:44  Drone  
  39  3:46  Drone  
  43  3:51  Spore Crawler  
  43  3:52  Drone  
  43  3:54  Drone  
  44  3:56  Drone  
  44  3:59  Drone  
  44  4:00  Drone  
  47  4:03  Drone  
  47  4:04  Drone  
  47  4:07  Overlord  
  49  4:12  Overlord  
  49  4:16  Lair  
  49  4:19  Extractor  
  49  4:21  Drone  
  49  4:23  Drone  
  50  4:26  Drone x2  
  50  4:27  Drone  
  50  4:28  Drone x2, Extractor  
  50  4:31  Drone  
  54  4:33  Drone x2, Extractor  
  54  4:35  Drone  
  54  4:38  Drone x2  
  57  4:40  Drone  
  59  4:47  Zergling x8  
  59  4:48  Zergling x2  
  59  4:51  Zergling x2  
  59  4:52  Zergling x2  
  66  4:53  Overlord  
  66  4:58  Overlord  
  66  4:59  Evolution Chamber  
  65  5:02  Zergling x2  
  65  5:08  Overlord  
  65  5:14  Hydralisk Den  
  65  5:15  Drone x3  
  65  5:17  Zergling x2  
  65  5:18  Zergling x2  
  65  5:19  Drone  
  65  5:20  Drone x3  
  73  5:25  Zerg Missile Weapons Level 1  
  73  5:26  Zergling x2  
  73  5:27  Zergling x2  
  72  5:30  Zergling x2  
  72  5:33  Zergling x2  
  70  5:38  Overlord  
  70  5:45  Lurker Den, Hydralisk, Muscular Augments  
  70  5:46  Hydralisk x4  
  70  5:49  Zergling x2  
  80  5:50  Hydralisk  
  80  5:52  Hydralisk  
  80  5:55  Zergling x2  
  80  5:56  Hydralisk  
  85  5:59  Overlord  
  85  6:02  Hydralisk  
  85  6:03  Hydralisk  
  91  6:07  Hydralisk  
  91  6:09  Drone  
  94  6:17  Hydralisk  
  96  6:18  Hydralisk  
  96  6:21  Zergling x2  
  96  6:22  Hydralisk  
  96  6:24  Overlord  
  101  6:26  Zergling x2  
  101  6:29  Zergling x4  
  101  6:31  Zergling x2  
  105  6:36  Overlord x2  
  105  6:37  Overlord  
  105  6:40  Overlord  
  103  6:48  Overlord, Zergling x2  
  103  6:52  Zergling x2  
  102  6:54  Zergling x2  
  102  6:55  Zergling x2  
  102  6:56  Zergling x2  
  102  6:57  Zergling x2  
  102  6:58  Zergling x2  
  102  6:59  Zergling x2  
  92  7:02  Zergling x4  
  92  7:03  Zergling x2, Hydralisk  
  92  7:06  Zergling x2  
  92  7:08  Zergling x2  
  95  7:10  Zergling x2  
  95  7:11  Zergling x4  
  95  7:14  Zergling x2  
  96  7:16  Overseer  
  96  7:18  Lurker x4  
  100  7:24  Hydralisk x2  
  100  7:25  Extractor, Zergling x6  
  100  7:26  Zergling x4  
  100  7:27  Zergling x2  
  109  7:34  Hydralisk x2  
  113  7:40  Lurker  
  113  7:41  Zergling x2  
  113  7:42  Zergling x2  
  116  7:44  Hydralisk  
  118  7:54  Zergling x2  
  118  7:55  Zergling x2, Lurker  
  118  7:56  Zergling x2  
  118  7:58  Hatchery  
  117  8:00  Zergling x2  
  117  8:02  Zergling x2  
  117  8:05  Zergling x2  
  114  8:06  Hydralisk x2  
  114  8:07  Zergling x2  
  114  8:08  Hydralisk  
  114  8:09  Hydralisk  
  114  8:12  Zergling x2  
  115  8:13  Zergling x2  
  115  8:14  Zergling x2  
  115  8:15  Zergling x2  
  115  8:18  Extractor, Lurker  
  115  8:19  Zergling x4  
  120  8:22  Zergling x2  
  120  8:24  Zergling x2  
  120  8:25  Zergling x4  
  124  8:29  Zergling x2  
  124  8:30  Zergling x2  
  124  8:31  Hydralisk  
  124  8:33  Hydralisk  
  130  8:38  Lurker  
  130  8:40  Drone, Overseer  
  132  8:41  Drone x2  
  132  8:43  Zergling x2  
  132  8:44  Zergling x2  
  132  8:47  Hydralisk  
  138  8:52  Hydralisk x2  
  138  8:53  Hydralisk  
  144  8:56  Drone x2, Hydralisk x2  
  144  8:57  Overlord, Hydralisk  
  152  9:06  Overlord  
  152  9:08  Overlord  
  152  9:10  Overlord  
  152  9:14  Overlord  
  152  9:15  Overlord  
  152  9:18  Hydralisk x3  
  152  9:20  Hydralisk  
  160  9:24  Zergling x2  
  160  9:26  Zergling x2  
Show
View Real Time Build Order
Export as new Build Order

Gerald Protoss - Winner!

Build Orders: 1 Gate Expand, Oracle Opening, Phoenix Opening, Archon Immortal, Zealot Archon, Archon Drop 

Get SALT Encoding   

  12  0:00  Probe  
  13  0:12  Probe  
  14  0:20  Pylon  
  14  0:25  Probe  
  15  0:29  Assimilator  
  15  0:38  Probe (Chrono Boost)  
  16  0:44  Gateway  
  16  0:48  Probe (Chrono Boost)  
  17  0:53  Probe (Chrono Boost)  
  18  1:05  Probe  
  19  1:17  Probe  
  20  1:27  Nexus  
  20  1:30  Probe  
  21  1:39  Cybernetics Core  
  21  1:43  Probe  
  22  1:50  Assimilator  
  22  1:54  Pylon  
  22  1:56  Probe  
  23  2:12  Probe  
  23  2:14  Adept (Chrono Boost)  
  24  2:21  Stargate  
  26  2:24  Probe  
  27  2:33  Adept (Chrono Boost)  
  27  2:36  Warp Gate, Probe  
  30  2:39  Probe  
  31  2:49  Probe  
  31  2:51  Probe  
  33  2:53  Adept (Chrono Boost)  
  35  3:01  Probe  
  35  3:03  Probe, Phoenix (Chrono Boost)  
  39  3:13  Probe  
  39  3:15  Probe  
  39  3:17  Pylon  
  41  3:25  Probe  
  41  3:26  Assimilator  
  42  3:27  Probe  
  42  3:29  Assimilator  
  43  3:37  Probe, Oracle (Chrono Boost)  
  43  3:39  Probe  
  44  3:47  Robotics Facility  
  44  3:49  Probe  
  44  3:51  Probe  
  46  4:01  Probe, Twilight Council  
  47  4:03  Probe  
  47  4:06  Shield Battery  
  47  4:07  Pylon  
  48  4:13  Probe  
  48  4:15  Probe  
  48  4:16  Gateway  
  50  4:19  Gateway  
  50  4:25  Probe  
  50  4:26  Pylon  
  50  4:28  Probe  
  52  4:36  Warp Prism (Chrono Boost)  
  52  4:37  Probe  
  53  4:42  Templar Archives  
  53  4:44  Probe, Gateway  
  56  4:48  Charge  
  56  4:52  Adept  
  58  4:55  Probe, Pylon  
  58  4:57  Probe  
  60  5:04  Pylon  
  60  5:08  Probe  
  60  5:13  Observer (Chrono Boost)  
  63  5:16  Pylon  
  62  5:21  Nexus  
  62  5:24  Probe  
  62  5:26  Probe  
  63  5:36  Probe  
  63  5:39  Probe  
  63  5:41  High Templar  
  63  5:42  High Templar x2  
  71  5:45  Gateway  
  71  5:47  Gateway  
  71  5:48  Probe, Archon, Nexus, High Templar  
  74  5:52  Archon  
  74  5:57  Immortal (Chrono Boost)  
  74  6:00  Probe  
  79  6:05  Gateway  
  79  6:06  Gateway  
  79  6:08  Probe  
  79  6:14  Psionic Storm  
  79  6:15  Probe  
  80  6:19  Pylon  
  80  6:21  Zealot, High Templar  
  84  6:32  High Templar  
  84  6:38  Pylon  
  84  6:39  Pylon  
  86  6:41  Zealot  
  86  6:46  Archon  
  88  6:47  Zealot  
  88  6:48  Zealot x2  
  94  6:57  Zealot  
  92  7:03  High Templar  
  88  7:12  High Templar x2  
  88  7:13  Probe, Zealot x2  
  97  7:22  Robotics Facility  
  97  7:23  Forge  
  97  7:25  Probe  
  97  7:27  Immortal (Chrono Boost)  
  102  7:32  Zealot x2  
  102  7:33  Pylon  
  102  7:35  Assimilator  
  106  7:37  Probe  
  106  7:38  Assimilator  
  106  7:41  High Templar  
  106  7:42  Zealot x3  
  115  7:49  Probe x3  
  115  7:51  Zealot x2  
  122  8:09  Zealot x5  
  132  8:16  Observer  
  132  8:18  Pylon  
  132  8:19  Pylon  
  133  8:21  Pylon  
  133  8:24  Pylon  
  133  8:34  Gateway x2  
  133  8:36  Probe x3, Pylon, Immortal  
  140  8:43  Photon Cannon  
  140  8:46  High Templar x3  
  142  8:48  Probe  
  142  8:51  Immortal  
  142  8:52  Archon  
  142  8:55  Photon Cannon  
  147  8:56  Shield Battery  
  147  8:57  Pylon  
  147  9:09  Zealot x3  
  153  9:10  Zealot x2  
  158  9:20  Zealot  
  158  9:21  Pylon  
  158  9:22  Pylon  
  159  9:25  High Templar x2  

Tags
 
Add a new tag
Caveats
  • Supply blocks, unpowered buildings, or Contaminate may cause inaccurate times.
  • Supply counts are checked every 10 seconds.